 Dungeon Crawl Stone Soup version 0.24.1-5-g77f818bfca (webtiles) character file.

Game seed: 17869274236784797229, levelgen mode: deterministic

8 Descartes the Ducker (level 2, -5/14 HPs)
             Began as a Felid Monk on Apr 24, 2020.
             Killed from afar by a dart slug (6 damage)
             ... with a slug dart
             ... on level 1 of the Dungeon.
             The game lasted 00:00:43 (180 turns).

Descartes the Ducker (Felid Monk)                    Turns: 180, Time: 00:00:44

Health: -5/14      AC:  1    Str:  7    XL:     2   Next: 0%
Magic:  3/3        EV: 20    Int: 11    God:
Gold:   7          SH:  0    Dex: 18    Spells: 1/1 levels left
                                        Lives:  0   Deaths: 0

rFire    . . .     SeeInvis +     - Unarmed
rCold    . . .     Gourm    .   (shield unavailable)
rNeg     . . .     Faith    .   (armour unavailable)
rPois    .         Spirit   .   (helmet unavailable)
rElec    .         Reflect  .   (cloak unavailable)
rCorr    .         Harm     .   (gloves unavailable)
MR       .....                  (boots unavailable)
Stlth    +++.......             (no amulet)
HPRegen  0.04/turn              (no ring)
MPRegen  0.08/turn              (no ring)

@: quick
A: very small, no armour, no weapons or thrown items, stealth, claws 1, fangs 3,
see invisible, carnivore, speed 1, shaggy fur 1, slow metabolism 1, sharp paws
a: no special abilities


You were on level 1 of the Dungeon.
You were full.

You visited 1 branch of the dungeon, and saw 1 of its levels.

You collected 7 gold pieces.

Inventory:

Scrolls
 b - a scroll of teleportation {unknown}
 e - a scroll of identify {unknown}
Potions
 c - a potion of might {unknown}
 d - 2 potions of magic {unknown}
 f - a potion of flight {unknown}
Comestibles
 a - a ration


   Skills:
 + Level 3.1 Fighting
 + Level 4.1 Dodging
 + Level 3.0 Stealth
 * Level 3.2 Unarmed Combat


You had one spell level left.
You didn't know any spells.
Your spell library was empty.

Dungeon Overview and Level Annotations

Branches:
Dungeon (1/15)

Altars:


Innate Abilities, Weirdness & Mutations

You cannot wear armour.
You are incapable of wielding weapons or throwing items.
Your paws allow you to move quietly. (Stealth)
You have sharp claws.
You have razor-sharp teeth.
You have supernaturally acute eyesight. (SInv)
You are carnivorous and can eat meat at any time.
You cover ground quickly.
You are covered in fur. (AC +1)
You have a slow metabolism.
Your sharp claws are effective at attacking unaware monsters.


Message History

A frilled lizard comes into view.
The frilled lizard hisses angrily.
You scratch the dart slug. You bite the dart slug.
The dart slug is almost dead.
The dart slug misses you. The dart slug launches a dart at you.
The slug dart hits you.
You scratch the dart slug.
You kill the dart slug!
Your Stealth skill increases to level 3!
You have reached level 2!
The dart slug misses you. The dart slug launches a dart at you.
The slug dart hits you. The dart slug launches a dart at you.
The slug dart hits you.
* * * LOW HITPOINT WARNING * * *
The dart slug launches a dart at you. The slug dart hits you.
You die...

≈≈#≈≈#..## #.#.....#
#≈≈≈≈#≈.# #.......#
≈≈≈≈≈#≈≈.# #.......≈
≈≈≈≈≈≈≈#.# .!......##
#≈#≈≈##[# .........#
≈≈≈≈≈#..##
.........##≈≈≈#≈#...#
........w..####.....#
.......)......@.....#
.......l.........#..#
#......##.###.##...##
....... #.# #.##.###
#...$.. #.. .....#
#.....? #####.##.#
...#### #.##.. ...
♣♣♣P♣.


You could see a dart slug and a frilled lizard.

Vanquished Creatures
  A dart slug (D:1)
  A giant cockroach (D:1)
  A goblin (D:1)
  2 frilled lizards (D:1)
  A kobold (D:1)
  A rat (D:1)
7 creatures vanquished.

Notes
Turn   | Place    | Note
-------+----------+-------------------------------------------
     0 | D:1      | Descartes the Felid Monk began the quest for the Orb.
     0 | D:1      | Reached XP level 1. HP: 10/10 MP: 2/2
   175 | D:1      | Reached XP level 2. HP: 11/14 MP: 3/3
   180 | D:1      | Killed from afar by a dart slug

Levels and vault maps discovered:
D:1:      minmay_arrival_five_plusses, layout_loops_corners, serial_forest,
          infiniplex_forest_lined_2, infiniplex_forest_corner_2,
          infiniplex_forest_lined_corner, infiniplex_forest_clump_diagonal,
          infiniplex_forest_lined_4_way, infiniplex_forest_lined_ring,
          infiniplex_forest_straight_3, infiniplex_forest_clump_large,
          minivault_4

Skill      XL: |  1 |
---------------+----+-----
Stealth        | 3 |  3.0
Fighting       | |  3.1
Dodging        | |  4.1
Unarmed Combat | |  3.2

Action                   || total
-------------------------++-------
Melee: Unarmed           ||    22
       Punch             ||     1
       Bite              ||     1
  Eat: Chunk             ||     3
Armor: Skin              ||     2
Dodge: Dodged            ||    15
